 Dungeon Crawl Stone Soup version 0.26-a0-639-g72c4674329 (webtiles) character file.

Game seed: 6141843494078619190

29725 Borgoz the Fighter (level 13, -17/86 HPs)
             Began as a Gargoyle Berserker on Sept 20, 2020.
             Was the Champion of Trog.
             Killed from afar by an ice statue (21 damage)
             ... with a shard of ice
             ... in a Gauntlet.
             The game lasted 00:31:20 (16074 turns).

Borgoz the Fighter (Gargoyle Berserker)            Turns: 16074, Time: 00:31:21

Health: -17/86     AC: 25    Str: 22    XL:     13   Next: 47%
Magic:  13/13      EV: 18    Int: 13    God:    Trog [******]
Gold:   957        SH:  8    Dex: 18    Spells: 12/12 levels left

rFire    + . .     SeeInvis .   b - +4 demon whip (vorpal)
rCold    . . .     Faith    +   z - +2 buckler {reflect}
rNeg     + . .     Spirit   .   o - +3 ring mail "Woolos" {rF+ Int+4}
rPois    ∞         Reflect  +   G - +2 hat
rElec    +         Harm     .   u - +0 cloak
rCorr    +         Rampage  .   w - +0 pair of gloves
MR       .....     NoTele   +   (no boots)
Stlth    +.........             i - amulet of faith
HPRegen  0.24/turn              g - ring of resist corrosion
MPRegen  0.13/turn              B - +6 ring of dexterity

@: no status effects
A: negative energy resistance 1, electricity resistance, unbreathing,
petrification resistance, rot immunity, AC +9
a: Berserk, Trog's Hand, Brothers in Arms, Renounce Religion


You were in a Gauntlet.
You worshipped Trog.
Trog was exalted by your worship.
You visited 1 branch of the dungeon, and saw 14 of its levels.
You also visited: Sewer, Gauntlet and Ice Cave.

You collected 1085 gold pieces.
You spent 128 gold pieces at shops.

Inventory:

Hand Weapons
 a - a +2 eveningstar of draining
 b - a +4 vorpal demon whip (weapon)
Armour
 o - the +3 ring mail "Woolos" (worn) {rF+ Int+4}
   (You found it on level 6 of the Dungeon)

   It affects your intelligence (+4).
   It protects you from fire.
 u - a +0 cloak (worn)
 w - a +0 pair of gloves (worn)
 z - a +2 buckler of reflection (worn)
 G - a +2 hat (worn)
Jewellery
 g - a ring of resist corrosion (left hand)
 i - an amulet of faith (around neck)
 B - a +6 ring of dexterity (right hand)
Wands
 f - a wand of flame (34)
 y - a wand of iceblast (30)
Scrolls
 c - 2 scrolls of enchant armour
 d - 7 scrolls of teleportation
 n - 8 scrolls of remove curse
 p - 2 scrolls of enchant weapon
 q - 3 scrolls of magic mapping
 s - 5 scrolls of fear
 v - a scroll of brand weapon
 A - 7 scrolls of identify
 F - a scroll of blinking
Potions
 e - a potion of cancellation
 h - 4 potions of resistance
 j - 5 potions of flight
 k - 5 potions of might
 l - a potion of invisibility
 m - a potion of mutation
 r - 2 potions of haste
 t - a potion of stabbing
 x - 5 potions of heal wounds
 C - 2 potions of ambrosia
 D - a potion of curing


   Skills:
 + Level 12.3 Fighting
 + Level 11.4 Maces & Flails
 + Level 12.0 Armour
 + Level 9.5 Dodging
 - Level 6.0 Shields


You had 12 spell levels left.
You didn't know any spells.
Your spell library was empty.

Dungeon Overview and Level Annotations

Branches:
Dungeon (14/15)            Temple (0/1) D:7            Lair (0/6) D:11
    Orc (0/2) D:11          Sewer (visited)           IceCv (visited)
Gauntlet (1/1)
 Vaults: D:13-14

Altars:
Cheibriados
Fedhas
Hepliaklqana
Qazlal
Ru
Sif Muna
Trog
Uskayaw
Vehumet
Yredelemnul
Zin

Shops:
D:12 !

Annotations:
Gauntlet 9 transporters, exclusion: ice statue


Innate Abilities, Weirdness & Mutations

You are resistant to torment.
Your stone body is resilient. (AC +9)
You are immune to poison.
You resist negative energy. (rN+)
You are resistant to electric shocks. (rElec)
You can survive without breathing.
You are immune to petrification.
You are immune to rotting.


Message History

There is a transporter here.
The elephant trumpets!
You hit the ice beast but do no damage.
You hear a trumpeting!
You whack the ice statue!
The ice statue is moderately damaged.
The ice statue gestures at you.
The freezing blast engulfs you but does no damage.
You block the ice beast's attack.
Your ring mail "Woolos" prevents you from hitting the ice statue.
The ice statue is moderately damaged.
You are engulfed in freezing vapours.
* * * LOW HITPOINT WARNING * * *
You hit the ice statue but do no damage.
The ice statue is moderately damaged.
You are engulfed in freezing vapours.
* * * LOW HITPOINT WARNING * * *
The ice statue gestures at you. The shard of ice hits you!!
You die...

# ### ### ################### ###
###≈###≈###.................###≈#
≈#≈≈≈#≈≈≈#...8⌠8..8∩8..8⌠8...#≈≈≈
.................................
#################################
8©8#=##YY.Y#8©8#...☼...#8©8#..8#8
...#.?##^.##...#☼☼#.#..#...#...8.
...#.^.#.###...#☼§#.#..#...#..8.8
©.©#©##.##.#©.©#@8#©#..#©.©#©8.©.
######.#.^.#####☼Y#†#..#####..8.8
...##.^##..#...#○☼#.#..#...#...8.
.8.#..YY##.#.8.#.......#.8.#..8#8
...#########...#########...######
.................................
≈#≈≈≈#≈≈≈#≈≈≈#≈≈≈#≈≈≈#≈≈≈#≈≈≈#≈≈≈
###≈###≈###≈###≈###≈###≈###≈###≈#
# ### ### ### ### ### ### ### ###


You could see an ice statue, an elephant and an ice beast (summoned).

Vanquished Creatures
  Erolcha (D:13)
  3 centaur warriors
  A death scarab (Gauntlet)
  4 two-headed ogres
  3 death yaks (D:11)
  Urug (D:10)
  The ghost of Apogee the Chucker, a novice TrHu of Qazlal (D:7)
  3 ugly things
  A necromancer (IceCv)
  2 cyclopes
  A centaur skeleton (D:10)
  An ice statue (IceCv)
  Psyche (D:8)
  2 rime drakes (Gauntlet)
  10 freezing wraiths (IceCv)
  A redback zombie (D:13)
  A komodo dragon (D:13)
  A troll (D:9)
  A wolf spider simulacrum (IceCv)
  6 slime creatures
  5 hippogriffs
  16 yaks
  A wyvern (D:13)
  2 wraiths
  A steam dragon (D:13)
  A human (D:4)
  Menkaure (D:7)
  4 vampire mosquitoes (D:12)
  A spectral cane toad (Gauntlet)
  A soldier ant (D:14)
  An acid dragon (D:12)
  A sky beast (D:13)
  2 black bears (D:10)
  17 ice beasts
  7 orc warriors
  4 ogres
  3 phantoms
  An eye of draining (D:10)
  2 centaurs
  A crocodile (D:11)
  5 big kobolds
  4 bullfrogs
  A gnoll sergeant (D:9)
  A water moccasin zombie (D:8)
  A wyvern skeleton (D:13)
  3 scorpions
  6 killer bees (D:12)
  3 wights (D:8)
  A howler monkey (D:8)
  3 draconian simulacra (IceCv)
  2 centaur zombies
  8 orc priests
  5 hounds
  10 jellies
  19 orc wizards
  2 bullfrog skeletons
  7 worker ants
  4 iguanas
  2 spriggan simulacra (IceCv)
  2 troll simulacra (IceCv)
  2 polar bear simulacra (IceCv)
  A wolf simulacrum (IceCv)
  A centaur simulacrum (IceCv)
  2 hound zombies
  3 gnolls (D:9)
  12 adders
  5 naga simulacra (IceCv)
  7 ogre simulacra (IceCv)
  A river rat (Sewer)
  A shadow imp (D:9)
  12 white imps (IceCv)
  2 ufetubi
  7 oozes
  2 adder zombies
  An adder skeleton (D:8)
  8 worms
  2 dart slugs (D:1)
  5 leopard geckos
  60 orcs
  9 bats
  9 giant cockroaches
  3 goblins
  11 hobgoblins
  9 jackals
  3 quokkas
  8 ball pythons
  3 frilled lizards
  20 kobolds
  A leopard gecko zombie (D:8)
  A quokka skeleton (D:6)
  13 rats
430 creatures vanquished.

Vanquished Creatures (collateral kills)
  Maurice (D:9)
  Maggie (D:6)
  2 orcs (D:13)
4 creatures vanquished.

Vanquished Creatures (others)
  A fungus (D:9)
  A plant (D:9)
  2 toadstools (D:9)
4 creatures vanquished.

Grand Total: 438 creatures vanquished

Notes
Turn   | Place    | Note
-------+----------+-------------------------------------------
     0 | D:1      | Borgoz the Gargoyle Berserker began the quest for the Orb.
     0 | D:1      | Reached XP level 1. HP: 14/14 MP: 1/1
   228 | D:1      | Reached XP level 2. HP: 16/19 MP: 2/2
   594 | D:1      | Reached XP level 3. HP: 21/23 MP: 3/3
   824 | D:1      | Reached ** piety under Trog
  2190 | D:3      | Found a blossoming altar of Fedhas.
  2300 | D:3      | Reached XP level 4. HP: 24/29 MP: 4/4
  2479 | D:3      | Found a hide-covered altar of Uskayaw.
  2983 | D:3      | Reached XP level 5. HP: 18/33 MP: 5/5
  3267 | D:4      | Found a shimmering blue altar of Sif Muna.
  3366 | D:4      | Reached *** piety under Trog
  3700 | D:4      | Found a runed translucent door.
  3700 | D:4      | Noticed a human
  3702 | D:4      | Found a basalt altar of Yredelemnul.
  3730 | D:4      | Killed a human
  3730 | D:4      | Reached XP level 6. HP: 29/40 MP: 6/6
  3920 | D:4      | Reached skill level 5 in Fighting
  4034 | D:4      | Reached XP level 7. HP: 42/44 MP: 7/7
  4311 | D:4      | Found a bloodstained altar of Trog.
  4430 | D:5      | Entered Level 5 of the Dungeon
  5369 | D:6      | Reached **** piety under Trog
  5373 | D:6      | Found a glowing drain.
  5376 | D:6      | Reached skill level 5 in Maces & Flails
  5384 | Sewer    | Entered a sewer
  5718 | Sewer    | Reached skill level 5 in Armour
  5731 | Sewer    | Reached XP level 8. HP: 42/51 MP: 8/8
  6323 | D:6      | Noticed Maggie
  6342 | D:6      | Killed Maggie
  6937 | D:6      | Got a fine ring mail
  6948 | D:6      | Identified the +3 ring mail "Woolos" {rF+ Int+4} (You found
                  | it on level 6 of the Dungeon)
  7052 | D:6      | Found a blossoming altar of Fedhas.
  7521 | D:7      | Found a staircase to the Ecumenical Temple.
  7631 | D:7      | Found a stormy altar of Qazlal.
  7712 | D:7      | Noticed Menkaure
  7719 | D:7      | Killed Menkaure
  7933 | D:7      | Found a runed translucent gate.
  7933 | D:7      | Noticed Apogee's ghost (novice TrHu)
  7934 | D:7      | Found a runed translucent gate.
  7934 | D:7      | Found a runed translucent gate.
  7970 | D:7      | Noticed a hippogriff
  7980 | D:7      | Killed a hippogriff
  7980 | D:7      | Reached XP level 9. HP: 38/57 MP: 9/9
  8078 | D:7      | Found a glowing silver altar of Zin.
  8112 | D:7      | Reached ***** piety under Trog
  8112 | D:7      | Reached skill level 5 in Dodging
  8603 | D:7      | Killed Apogee's ghost
  8830 | D:8      | Noticed Psyche
  8843 | D:8      | Killed Psyche
  8958 | D:8      | Reached XP level 10. HP: 58/64 MP: 10/10
  9074 | D:8      | Found a snail-covered altar of Cheibriados.
  9147 | D:8      | Received a gift from Trog
  9162 | D:8      | Found a radiant altar of Vehumet.
  9283 | D:9      | Found a hazy altar of Hepliaklqana.
  9288 | D:9      | Noticed a two-headed ogre
  9298 | D:9      | Killed a two-headed ogre
  9405 | D:9      | Noticed Maurice
  9444 | D:9      | Killed Maurice
  9809 | D:9      | Reached skill level 1 in Shields
 10142 | D:9      | Noticed a two-headed ogre
 10149 | D:9      | Killed a two-headed ogre
 10290 | D:9      | Found a sacrificial altar of Ru.
 10298 | D:9      | Got a bloodstained trident
 10462 | D:10     | Entered Level 10 of the Dungeon
 10479 | D:10     | Reached XP level 11. HP: 38/71 MP: 11/11
 10690 | D:10     | Noticed a two-headed ogre
 10701 | D:10     | Killed a two-headed ogre
 10827 | D:10     | Noticed Urug
 10843 | D:10     | Killed Urug
 11270 | D:10     | Received a gift from Trog
 11428 | D:10     | Reached skill level 10 in Fighting
 11777 | D:10     | Noticed a cyclops
 11785 | D:10     | Killed a cyclops
 12019 | D:11     | Noticed a cyan ugly thing
 12030 | D:11     | Killed a cyan ugly thing
 12103 | D:11     | Noticed a death yak
 12103 | D:11     | Noticed a death yak
 12105 | D:11     | Found a staircase to the Lair.
 12107 | D:11     | Noticed a death yak
 12136 | D:11     | Killed a death yak
 12136 | D:11     | Reached skill level 10 in Armour
 12136 | D:11     | Reached skill level 5 in Shields
 12142 | D:11     | Killed a death yak
 12164 | D:11     | Killed a death yak
 12164 | D:11     | Reached XP level 12. HP: 19/78 MP: 12/12
 12591 | D:11     | Noticed a centaur warrior
 12608 | D:11     | Killed a centaur warrior
 12743 | D:11     | Reached skill level 10 in Maces & Flails
 12744 | D:11     | Received a gift from Trog
 12918 | D:11     | Found a staircase to the Orcish Mines.
 13058 | D:12     | Found Oshodwao's Distillery.
 13082 | D:12     | Bought a potion of might for 64 gold pieces
 13082 | D:12     | Bought a potion of might for 64 gold pieces
 13121 | D:12     | Noticed a two-headed ogre
 13133 | D:12     | Killed a two-headed ogre
 13698 | D:13     | Found a frozen archway.
 13747 | IceCv    | Entered an ice cave
 14145 | IceCv    | Received a gift from Trog
 14227 | IceCv    | Found an ancient bone altar of Kikubaaqudgha.
 14237 | IceCv    | Reached ****** piety under Trog
 14403 | IceCv    | Reached XP level 13. HP: 85/85 MP: 13/13
 15048 | D:13     | Received a gift from Trog
 15272 | D:13     | Noticed Erolcha
 15288 | D:13     | Killed Erolcha
 15445 | D:14     | Found a gate leading to a gauntlet.
 15498 | Gauntlet | Entered a Gauntlet
 15498 | Gauntlet | Found a transporter.
 15518 | Gauntlet | Found a transporter.
 15520 | Gauntlet | Found a transporter.
 15521 | Gauntlet | Found a transporter.
 15529 | Gauntlet | Found a transporter.
 15536 | Gauntlet | Found a transporter.
 15537 | Gauntlet | Found a transporter.
 15546 | Gauntlet | Found a transporter.
 15548 | Gauntlet | Found a transporter.
 15549 | Gauntlet | Found a transporter.
 15554 | Gauntlet | Noticed a dire elephant
 15557 | Gauntlet | Found a transporter.
 15560 | Gauntlet | Found a transporter.
 15561 | Gauntlet | Found a transporter.
 15567 | Gauntlet | Noticed a great orb of eyes
 15569 | Gauntlet | Found a transporter.
 16074 | Gauntlet | HP: 3/86 [ice statue] (13)]
 16074 | Gauntlet | Killed from afar by an ice statue

Illustrated notes

Levels and vault maps discovered:
D:1:      dpeg_arrival_castle, layout_basic, kennysheep_small_spiral
D:2:      layout_basic
D:3:      layout_basic, eat_drink_and_be_merry_uskayaw, fedhas_altar_1
D:4:      minmay_inner_zag, layout_rooms, led_sif_book, kennysheep_little_box,
          dk_yredelemnul_ordeal
D:5:      layout_basic
D:6:      layout_layer_cave, basic_altar, portal_sewer_entry_e, uniq_maggie
D:7:      layout_loops_ring, old_standard_altar, lemuel_doored_altar,
          minmay_temple_entry_offerings, gammafunk_ghost_split, uniq_menkaure
D:8:      layout_gridville, cheibriados_altar_1, lemuel_crystal_altar,
          uniq_psyche
D:9:      layout_roguey, old_standard_altar, nicolae_ru_the_path_less_chosen,
          nicolae_benzene_ring, minmay_door_square, minmay_gold_behind_fungi,
          hangedman_little_slice_of_home, uniq_maurice
D:10:     layout_gridville, chequers_serial_rivers_small_a,
          minmay_misc_feat_rows, uniq_urug
D:11:     layout_rooms, dpeg_lair_monsters, grunt_ministairs_6,
          hangedman_abyss_or_decor_lesser_grid, hangedman_decor_lopped,
          roderic_serpentine_path
D:12:     layout_rooms, serial_shops, nicolae_shop_trees, serial_corexii_hall,
          corexii_hall_statues_i, corexii_hall_statues_i
D:13:     layout_gridville, portal_ice_cave_entry_ice_beasts, uniq_erolcha
D:14:     layout_long_grid, grunt_vaults_entry_fortified,
          gauntlet_entry_generic, basic_altar, grunt_ministairs_8,
          nicolae_sextant
Gauntlet: gammafunk_gauntlet_77_escape_option [minmay_gauntlet_arena_77_mess,
          minmay_gauntlet_arena_77_terracotta_army,
          minmay_gauntlet_arena_77_chump_sandwich, minmay_gauntlet_arena_77_fan,
          minmay_gauntlet_arena_77_squiggly, gauntlet_exit_hidden_loot]

Skill      XL: |  1  2  3  4  5  6  7  8  9 10 11 12 13 |
---------------+----------------------------------------+-----
Dodging        | 2 3 4 5 6 7 9 |  9.5
Armour         | 3 4 5 6 7 9 10 11 12 | 12.0
Fighting       | 4 5 7 8 9 10 11 12 | 12.3
Maces & Flails | 4 5 6 7 8 9 10 11 | 11.4
Shields        | 2 5 6 |  6.0

Action                   |  1- 3 |  4- 6 |  7- 9 | 10-12 | 13-15 || total
-------------------------+-------+-------+-------+-------+-------++-------
Melee: Mace              |   120 |   165 |   459 |    18 |       ||   762
       Demon whip        |       |       |       |   749 |   223 ||   972
       Unarmed           |       |       |       |    21 |       ||    21
Invok: Berserk           |       |     1 |     4 |     7 |     1 ||    13
       Trog's Hand       |       |     1 |       |     3 |       ||     4
       Brothers in Arms  |       |       |     1 |     1 |     1 ||     3
Evoke: Wand              |       |       |       |     1 |       ||     1
  Use: Scroll            |     4 |     4 |    12 |    10 |     1 ||    31
       Potion            |       |     3 |     4 |       |       ||     7
 Stab: Distracted        |       |       |       |       |     1 ||     1
Armor: Animal skin       |    12 |       |       |       |       ||    12
       Scale mail        |    62 |   134 |   137 |       |       ||   333
       Ring mail         |       |       |   127 |   227 |    46 ||   400
       Steam dragon scal |       |       |     5 |       |       ||     5
Dodge: Dodged            |    68 |    83 |   308 |   365 |    81 ||   905
Block: Buckler           |       |       |       |   170 |    39 ||   209
       Reflection        |       |       |       |     4 |     3 ||     7

Table legend: (Time is in decaauts)
 A = Elapsed time spent in this place.
 B = Non-inter-level travel time spent in this place.
 C = Inter-level travel time spent in this place.
 D = Time resting spent in this place.
 E = Time spent auto-exploring this place.
 F = Levels seen in this place.
 G = Mean time per level.
                   A        B        C        D        E       F      G
               +--------+--------+--------+--------+--------+-----+--------+
         Total |  16058 |  15467 |    591 |   2717 |   9822 |  17 |  944.6 |
       Dungeon |  13837 |  13246 |    591 |   1976 |   8852 |  14 |  988.4 |
         Sewer |    794 |    794 |      0 |      0 |    509 |   1 |  794.0 |
      Ice Cave |    861 |    861 |      0 |    389 |    317 |   1 |  861.0 |
      Gauntlet |    565 |    565 |      0 |    352 |    144 |   1 |  565.0 |
               +--------+--------+--------+--------+--------+-----+--------+

Top non-repeatable levels by time:
     D:6: 1609 daAuts
     D:9: 1342 daAuts
    D:10: 1287 daAuts
     D:7: 1245 daAuts
     D:4: 1229 daAuts
     D:3: 1149 daAuts
     D:2: 1119 daAuts
     D:1: 1007 daAuts
    D:11: 956 daAuts
   IceCv: 861 daAuts
     D:5: 831 daAuts
    D:13: 810 daAuts
   Sewer: 794 daAuts
    D:12: 597 daAuts
     D:8: 570 daAuts
